Map: [ESL] Hecate

Players

Nice - Winner!

  • Race: Protoss Protoss
  • Spawn Location: 7:00

Nanami

  • Race: Protoss Protoss
  • Spawn Location: 1:00

Event: ESL SC2 Masters 2023 Winter (Regional)

VOD

Have the link to the VOD?

Description

Time

  • Played on: Nov. 11, 2023, 6:11 a.m.
  • Length: 5:00

All games in this series

Show
View Real Time Build Order
Export as new Build Order

Nice Protoss - Winner!

Build Orders:  

Get SALT Encoding   

  12  0:00  Probe  
  13  0:12  Probe  
  14  0:17  Pylon  
  14  0:24  Probe (Chrono Boost)  
  16  0:37  Gateway, Probe (Chrono Boost)  
  16  0:42  Probe (Chrono Boost)  
  16  0:47  Assimilator  
  17  0:53  Probe  
  17  0:54  Assimilator  
  18  1:05  Probe (Chrono Boost)  
  18  1:07  Gateway  
  19  1:16  Probe (Chrono Boost)  
  20  1:21  Probe (Chrono Boost)  
  20  1:25  Cybernetics Core  
  21  1:31  Probe  
  22  1:36  Pylon  
  22  1:43  Probe  
  23  1:55  Probe  
  24  2:01  Warp Gate (Chrono Boost)  
  24  2:02  Stalker x2  
  28  2:13  Pylon  
  28  2:18  Shield Battery  
  28  2:26  Pylon  
  28  2:32  Stalker  
  28  2:36  Stalker  
  32  2:53  Gateway  
  32  2:56  Gateway  
  32  3:11  Stalker x2  
  36  3:15  Pylon  
  36  3:24  Shield Battery  
  30  3:46  Pylon  
  30  3:54  Stalker x3  
  36  3:58  Stalker  
  37  4:22  Stalker x2  
  37  4:23  Stalker  
  41  4:31  Stalker  
  43  4:39  Pylon  
Show
View Real Time Build Order
Export as new Build Order

Nanami Protoss 

Build Orders:  

Get SALT Encoding   

  12  0:00  Probe  
  13  0:12  Probe  
  14  0:17  Pylon  
  14  0:24  Probe (Chrono Boost)  
  16  0:36  Gateway  
  16  0:37  Probe (Chrono Boost)  
  16  0:42  Probe (Chrono Boost)  
  16  0:45  Assimilator  
  17  0:51  Probe (Chrono Boost)  
  17  0:55  Assimilator  
  18  1:03  Probe (Chrono Boost)  
  19  1:07  Gateway  
  19  1:12  Probe (Chrono Boost)  
  19  1:18  Probe  
  20  1:25  Cybernetics Core  
  21  1:30  Probe  
  22  1:35  Pylon  
  22  1:42  Probe  
  23  1:54  Probe  
  23  2:01  Warp Gate (Chrono Boost), Stalker x2  
  28  2:11  Pylon  
  28  2:31  Stalker x2  
  32  2:52  Nexus  
  30  3:07  Probe  
  30  3:12  Stalker x2  
  33  3:19  Shield Battery  
  35  3:23  Probe  
  36  3:33  Shield Battery  
  34  3:35  Probe  
  33  3:44  Twilight Council  
  33  3:52  Stalker  
  33  3:56  Shield Battery  
  33  3:58  Probe (Chrono Boost)  
  34  4:03  Sentry  
  34  4:04  Probe (Chrono Boost)  
  38  4:10  Probe (Chrono Boost)  
  38  4:17  Shield Battery  
  38  4:20  Stalker  
  38  4:26  Shield Battery  
  38  4:27  Stalker  
  40  4:43  Stalker  
  38  4:51  Stalker  
Tags
 
Add a new tag
Caveats
  • Supply blocks, unpowered buildings, or Contaminate may cause inaccurate times.
  • Supply counts are checked every 10 seconds.